 Dungeon Crawl Stone Soup version 0.15-a0-995-gc8af7eb (webtiles) character file.

2741 notqw the Cleaver (level 9, 0/50 HPs)
             Began as a Tengu Berserker on May 24, 2014.
             Was a High Priest of Trog.
             Succumbed to a killer bee's poison
             ... on Level 7 of the Dungeon.
             The game lasted 00:06:37 (6486 turns).

notqw the Cleaver (Tengu Berserker)                 Turns: 6486, Time: 00:06:37

HP   0/50        AC 10     Str 21      XL: 9   Next: 68%
MP  12/12        EV  7     Int  7      God: Trog [*****.]
Gold 168         SH  0     Dex 14      Spells:  0 memorised,  8 levels left

rFire  . . .     SeeInvis .     m - +0,+1 war axe
rCold  . . .     Clarity  .     n - +0 chain mail
rNeg   . . .     Conserve .     (no shield)
rPois  .         rCorr    .     (helmet restricted)
rElec  .         rRot     .     o - +0 cloak
SustAb +         Spirit   .     (no gloves)
rMut   .         Warding  .     (boots unavailable)
Gourm  .         Stasis   .     b - amulet of rage
MR     .....                    B - ring of sustain abilities
                                f - +1 ring of protection

@: exhausted, lethally poisoned, slowed, very slow, not resistant to hostile
enchantments, extremely unstealthy
A: able to fly, beak, talons 3
a: Fly, Burn Spellbooks, Berserk, Trog's Hand, Brothers in Arms, Renounce
Religion, Evoke Berserk Rage


You were on level 7 of the Dungeon.
You worshipped Trog.
Trog was extremely pleased with you.
You were very hungry.

You visited 1 branch of the dungeon, and saw 7 of its levels.

You collected 168 gold pieces.


Innate Abilities, Weirdness & Mutations

You can fly.
You have a beak for a mouth.
You have claws for feet.


   Skills:
 - Level 3.0 Fighting
 + Level 13.9 Axes
 - Level 2.1 Armour
 - Level 2.1 Dodging


You had 8 spell levels left.
You didn't know any spells.

Inventory:

Hand weapons
 m - a +0,+1 war axe (weapon)
Armour
 n - a +0 chain mail (worn)
 o - a +0 cloak (worn)
Magical devices
 d - a wand of paralysis (12) {unknown}
 e - a wand of flame (10) {unknown}
Comestibles
 j - 5 meat rations
 k - a bread ration
Scrolls
 a - a scroll of identify
 c - a scroll of enchant armour {unknown}
 g - 5 scrolls of remove curse
 h - 3 scrolls of teleportation
Jewellery
 b - an amulet of rage (around neck)
 f - a +1 ring of protection (left hand)
 B - a ring of sustain abilities (right hand)
Potions
 i - 2 potions of curing
 l - a potion of restore abilities
 N - a potion of paralysis {unknown}

Dungeon Overview and Level Annotations

Branches:
Dungeon (7/15)             Temple (0/1) D:5

Altars:
Elyvilon
Gozag
Nemelex Xobeh
Okawaru

Shops:
D:4 *[((   D:5 *


Message History

You slash the ogre!
The ogre is moderately wounded.
You feel sick.
You slash the ogre!
The ogre is severely wounded.
You feel sick. The ogre hits you with a giant club!
You slash the ogre!
You kill the ogre!
Trog accepts your kill.
You feel sick.
You feel sick.
You feel a strong urge to attack something.
You feel sick.
You are no longer berserk.
You are exhausted.
You feel yourself slow down.
You are feeling very hungry.
You feel sick.
A bat comes into view.
You die...

# ....... # ......# #
.......# ######## .......#
#......######## #......#
#......##.....# #.....###
#......##.....# #.%.......
...#...##.....###.).......
................@.........
...).....................
.......................$.
.........................
.......)................
...........)......).....
..............b..........
.......######.........(..
..##...# #<...........


You could see a bat.

Vanquished Creatures
  Grinder (D:4)
  Prince Ribbit (D:7)
  A hippogriff (D:7)
  3 ice beasts
  A black bear (D:6)
  A necrophage (D:6)
  A phantom (D:6)
  A crocodile (D:6)
  3 ogres
  Sigmund (D:2)
  2 giant frogs (D:6)
  4 scorpions
  5 killer bees (D:7)
  4 wights (D:6)
  A hound (D:4)
  2 jellies
  An orc priest (D:5)
  2 orc wizards
  2 worker ants
  Natasha (thrice) (D:4)
  Ijyb (D:2)
  A hound skeleton (D:4)
  A gnoll (D:4)
  10 adders
  A shadow imp (D:4)
  A white imp (D:4)
  2 worms
  2 giant mites (D:6)
  An iguana zombie (D:7)
  4 giant geckos
  An ooze (D:3)
  7 orcs
  A bat zombie (D:5)
  3 giant cockroaches
  11 goblins
  12 hobgoblins
  5 jackals
  6 quokkas
  3 ball pythons
  19 bats
  4 giant newts
  A goblin skeleton (D:4)
  17 kobolds
  An orc skeleton (D:6)
  10 rats
  3 ballistomycetes (D:7)
168 creatures vanquished.

Vanquished Creatures (others)
  A giant spore (D:7)
  5 fungi (D:6)
6 creatures vanquished.

Grand Total: 174 creatures vanquished

Notes
Turn   | Place    | Note
--------------------------------------------------------------
     0 | D:1      | notqw, the Tengu Berserker, began the quest for the Orb.
     0 | D:1      | Reached XP level 1. HP: 14/14 MP: 1/1
   157 | D:1      | Reached XP level 2. HP: 19/19 MP: 3/3
   176 | D:1      | Reached skill level 4 in Axes
   503 | D:1      | Acquired Trog's second power
   555 | D:1      | 555 ||| Upgrading to ring mail (value 600).
   566 | D:1      | 566 ||| INVOKING BERSERK.
   620 | D:1      | Reached XP level 3. HP: 12/23 MP: 4/4
   755 | D:1      | 755 ||| Upgrading to +0 animal skin (value 300).
   758 | D:1      | 758 ||| Upgrading to ring mail (value 600).
   766 | D:1      | 766 ||| Dropping +0 animal skin (value 300).
   887 | D:2      | Found a sparkling altar of Nemelex Xobeh.
   991 | D:2      | Found an iron altar of Okawaru.
  1035 | D:2      | Reached skill level 5 in Axes
  1304 | D:2      | Reached XP level 4. HP: 28/28 MP: 5/5
  1315 | D:2      | Noticed Sigmund
  1321 | D:2      | 1321 ||| INVOKING BERSERK.
  1326 | D:2      | Killed Sigmund
  1326 | D:2      | Reached skill level 6 in Axes
  1326 | D:2      | Reached XP level 5. HP: 19/32 MP: 7/7
  1331 | D:2      | 1331 ||| EATING choko.
  1332 | D:2      | HP: 8/32 [poisoned by Sigmund]
  1333 | D:2      | 1333 ||| INVOKING TROG'S HAND.
  1386 | D:2      | 1386 ||| EATING apple.
  1499 | D:2      | 1499 ||| EATING 2 pears.
  1663 | D:2      | Noticed Ijyb
  1674 | D:2      | Killed Ijyb
  1864 | D:3      | 1864 ||| Upgrading to war axe (value 2000).
  1865 | D:3      | 1865 ||| Dropping +0,+1 hand axe (value 1720).
  2470 | D:3      | Reached skill level 7 in Axes
  2589 | D:4      | Noticed Grinder
  2590 | D:4      | 2590 ||| Shafted?
  2601 | D:4      | Found Max Esom's Weapon Shoppe.
  2603 | D:4      | Killed Grinder
  2603 | D:4      | Reached skill level 8 in Axes
  2603 | D:4      | Reached XP level 6. HP: 37/37 MP: 8/8
  2603 | D:4      | Reached XP level 7. HP: 41/41 MP: 9/9
  2606 | D:4      | 2606 ||| EATING pear.
  2626 | D:4      | Noticed Natasha
  2631 | D:4      | 2631 ||| READING TELEPORTATION.
  2633 | D:4      | Killed Natasha
  2813 | D:4      | 2813 ||| EATING choko.
  2825 | D:4      | Found Ihous' Antique Weapon Boutique.
  2826 | D:4      | Noticed an ogre
  2829 | D:4      | 2829 ||| INVOKING BERSERK.
  2831 | D:4      | Killed an ogre
  2837 | D:4      | 2837 ||| EATING 2 bread rations.
  2911 | D:4      | Reached skill level 9 in Axes
  2918 | D:4      | HP: 10/41 [poisoned by a scorpion]
  2920 | D:4      | 2920 ||| DRINKING CURING.
  3101 | D:4      | Found an opulent altar of Gozag.
  3250 | D:4      | Found Dimara's Assorted Antiques.
  3525 | D:4      | Found Rehyej's Armour Emporium.
  3657 | D:4      | 3657 ||| ENCHANTING WEAPON.
  3711 | D:4      | Noticed Natasha
  3718 | D:4      | Killed Natasha
  3849 | D:4      | Noticed Natasha
  3857 | D:4      | Killed Natasha
  3927 | D:4      | 3927 ||| EATING 2 bread rations.
  4022 | D:4      | Noticed an ogre
  4026 | D:4      | 4026 ||| INVOKING BERSERK.
  4027 | D:4      | Killed an ogre
  4062 | D:4      | Acquired Trog's third power
  4339 | D:4      | Reached skill level 10 in Axes
  4342 | D:4      | 4342 ||| Upgrading to scale mail (value 700).
  4354 | D:4      | 4354 ||| Dropping +0 ring mail (value 600).
  4355 | D:4      | 4355 ||| READING IDENTIFY.
  4356 | D:4      | 4356 ||| Upgrading to amulet of rage (value 3).
  4357 | D:4      | 4357 ||| READING IDENTIFY.
  4358 | D:4      | 4358 ||| Dropping cursed ring of loudness (value -1).
  4387 | D:5      | Entered Level 5 of the Dungeon
  4387 | D:5      | Found a staircase to the Ecumenical Temple.
  4397 | D:5      | Reached XP level 8. HP: 43/46 MP: 11/11
  4405 | D:5      | Found Piuf's Assorted Antiques.
  4522 | D:5      | Found a white marble altar of Elyvilon.
  4551 | D:5      | 4551 ||| INVOKING BERSERK.
  4617 | D:5      | 4617 ||| INVOKING BERSERK.
  4625 | D:5      | 4625 ||| EATING 2 bread rations.
  4910 | D:6      | Reached skill level 11 in Axes
  4943 | D:6      | 4943 ||| INVOKING BERSERK.
  5106 | D:6      | Reached skill level 12 in Axes
  5222 | D:6      | Reached XP level 9. HP: 40/50 MP: 12/12
  5439 | D:6      | 5439 ||| Ignoring necrophage.
  5440 | D:6      | 5440 ||| Unignoring necrophage.
  5456 | D:6      | Received a gift from Trog
  5500 | D:6      | 5500 ||| INVOKING BERSERK.
  5538 | D:6      | 5538 ||| EATING bread ration.
  5958 | D:6      | Reached skill level 13 in Axes
  6080 | D:6      | 6080 ||| Upgrading to chain mail (value 900).
  6095 | D:6      | 6095 ||| Dropping +2 scale mail (value 800).
  6096 | D:6      | 6096 ||| Upgrading to cloak (value 100).
  6099 | D:6      | 6099 ||| READING IDENTIFY.
  6100 | D:6      | 6100 ||| Dropping cursed ring of teleportation (value -1).
  6101 | D:6      | 6101 ||| READING IDENTIFY.
  6102 | D:6      | 6102 ||| Upgrading to ring of sustain abilities (value 2).
  6174 | D:7      | 6174 ||| CURING CONFUSION.
  6268 | D:7      | Noticed Prince Ribbit
  6283 | D:7      | Killed Prince Ribbit
  6288 | D:7      | 6288 ||| INVOKING BERSERK.
  6475 | D:7      | 6475 ||| INVOKING BERSERK.
  6481 | D:7      | HP: 17/75 [poisoned by a killer bee]
  6481 | D:7      | HP: 8/75 [ogre/giant club (9)]
  6485 | D:7      | HP: 2/50 [poisoned by a killer bee]
  6486 | D:7      | Succumbed to a killer bee's poison

Vault maps used:
D:1:      lemuel_arrival_lava_pool
D:2:      wad_crossroads, nemelex_deck, okawaru_trees_1, uniq_sigmund, uniq_iyjb
D:4:      serial_shops, nicolae_shop_overgrown_old_shop, shop,
          kennysheep_little_box, shop, first_bread, minmay_door_square,
          nicolae_gozag_cash_rules_everything_around_me, uniq_natasha,
          uniq_grinder
D:5:      elyvilon_altar_4, minmay_temple_entry_statues_pillars, serial_shops,
          nicolae_shop_overgrown_old_shop
D:6:      old_forge, roderic_batcave
D:7:      uniq_prince_ribbit1

Action                   |  1- 3 |  4- 6 |  7- 9 || total
-------------------------+-------+-------+-------++-------
Melee: Hand axe          |    74 |    37 |       ||   111
       War axe           |       |    37 |   248 ||   285
Invok: Berserk           |     1 |     2 |     8 ||    11
       Trog's Hand       |       |     2 |       ||     2
Evoke: Wand              |       |       |     1 ||     1
  Use: Scroll            |     4 |     3 |    11 ||    18
       Potion            |       |     1 |     5 ||     6
 Stab: Distracted        |       |     1 |       ||     1
